 Dungeon Crawl Stone Soup version 0.28-a0-843-gb979743d38 (webtiles) character file.

Game seed: 14370799687418129324

30043 Glokmah the Cleaver (level 13, -4/109 HPs)
             Began as a Minotaur Monk on Nov 12, 2021.
             Was the Champion of Hepliaklqana.
             Slain by a komodo dragon (14 damage)
             ... on level 5 of the Lair of Beasts.
             The game lasted 00:30:49 (22879 turns).

Glokmah the Cleaver (Minotaur Monk)                Turns: 22879, Time: 00:30:50

Health: -4/109     AC: 20    Str: 22    XL:     13   Next: 18%
Magic:  16/16      EV:  9    Int:  7    God:    Hepliaklqana [******]
Gold:   1082       SH:  5    Dex: 21    Spells: 12/12 levels left

rFire   + . .      SeeInvis .   b - +2 broad axe
rCold   + . .      Faith    .   (no shield)
rNeg    . . .      Spirit   .   Q - +1 plate armour
rPois   .          Reflect  +   (helmet restricted)
rElec   +          Harm     .   m - +2 cloak {Stlth+}
rCorr   .          Rampage  .   u - +1 pair of gloves of Ira Qytaatt {+Inv rF+ Dex+4}
Will    +....                   (no boots)
Stlth   ..........              G - amulet of reflection
HPRegen 0.28/turn               J - ring of Birdsong {Ice rElec Will+ Str+3 Dex+2}
MPRegen 0.15/turn               t - ring of protection from fire

@: slowed, very slow
A: reduced essence, horns 2, retaliatory headbutt
a: Renounce Religion, Evoke Invisibility, Recall Ancestor, Ancestor Identity,
Transference, Idealise


You were on level 5 of the Lair of Beasts.
You worshipped Hepliaklqana.
Hepliaklqana was exalted by your worship.
You visited 2 branches of the dungeon, and saw 16 of its levels.

You collected 1862 gold pieces.
You spent 780 gold pieces at shops.

Inventory:

Hand Weapons
 a - a +1 hand axe of venom
 b - a +2 broad axe (weapon)
 f - a +0 short sword of venom
Missiles
 d - 12 boomerangs (quivered)
 F - 4 javelins
 O - 3 curare-tipped darts
Armour
 m - a +2 cloak of stealth (worn)
 u - the +1 pair of gloves of Ira Qytaatt (worn) {+Inv rF+ Dex+4}
   (You found it on level 5 of the Lair of Beasts)

   Dex:       It affects your dexterity (+4).
   rF:        It protects you from fire.
   +Inv:      It lets you turn invisible.
 w - the +5 kite shield of Modesty {rPois}
   (You acquired it on level 2 of the Lair of Beasts)

   rPois:     It protects you from poison.
 C - a +0 chain mail of cold resistance
 D - a +1 chain mail of fire resistance
 Q - a +1 plate armour (worn)
Jewellery
 t - a ring of protection from fire (right hand)
 G - an amulet of reflection (around neck)
 J - the ring of Birdsong (left hand) {Ice rElec Will+ Str+3 Dex+2}
   (You found it on level 1 of the Lair of Beasts)

   [ring of ice]

   It enhances your ice magic.
   Str:       It affects your strength (+3).
   Dex:       It affects your dexterity (+2).
   rF:        It makes you vulnerable to fire.
   rC:        It protects you from cold.
   rElec:     It insulates you from electricity.
   Will:      It increases your willpower.
 K - a +6 ring of intelligence
 S - a ring of protection from cold
Wands
 j - a wand of paralysis (9)
 o - a wand of iceblast (31)
 v - a wand of acid (6)
 L - a wand of digging (7)
 R - a wand of polymorph (13)
Scrolls
 c - a scroll of immolation
 i - 6 scrolls of teleportation
 l - 2 scrolls of noise
 p - a scroll of magic mapping
 E - 3 scrolls of fog
 M - 6 scrolls of identify
 T - a scroll of holy word {unknown}
 U - a scroll of amnesia
Potions
 g - 2 potions of mutation
 h - a potion of curing
 k - 2 potions of haste
 n - 2 potions of brilliance {unknown}
 q - a potion of attraction
 r - 3 potions of berserk rage
 x - a potion of invisibility {unknown}
 z - a potion of lignification {unknown}
 A - a potion of cancellation {unknown}
 H - a potion of flight {unknown}
 I - 2 potions of might {unknown}
 N - a potion of magic {unknown}
Miscellaneous
 s - a phial of floods
 B - a phial of floods
 P - a phantom mirror


   Skills:
 + Level 13.1 Fighting
 + Level 14.7 Axes
 - Level 7.2 Throwing
 - Level 8.0 Armour
 - Level 5.0 Dodging
 - Level 1.7 Stealth
 * Level 12.5 Shields
 + Level 6.0 Invocations
 + Level 1.3 Evocations


You had 12 spell levels left.
You didn't know any spells.
Your spell library contained the following spells:

 Spells                   Type           Power      Damage    Failure   Level
 Freeze                   Ice            0%         1d3       100%        1
 Frozen Ramparts          Ice            0%         1d2       100%        3
 Hailstorm                Conj/Ice       0%         3d3       100%        4
 Summon Ice Beast         Ice/Summ       0%         N/A       100%        4
 Summon Mana Viper        Hex/Summ       0%         N/A       100%        5
 Monstrous Menagerie      Summ           0%         N/A       100%        7


Dungeon Overview and Level Annotations

Branches:
Dungeon (10/15)            Temple (0/1) D:5            Lair (6/6) D:10
  Swamp (0/4) Lair:2        Snake (0/4) Lair:3        Slime (0/5) Lair:5
    Orc: D:9-12

Altars:
Ashenzari
Dithmenos
Elyvilon
Hepliaklqana
Nemelex Xobeh
Okawaru
Sif Muna
Vehumet
Wu Jian
Zin

Shops:
D:5 !   D:9 [


Innate Abilities, Weirdness & Mutations

Your life essence is reduced to manifest your ancestor. (-10% HP)
You have a pair of horns on your head.
You reflexively headbutt those who attack you in melee.


Message History

You barely miss the komodo dragon. You slash the torpor snail!
Your plate armour prevents you from hitting the yak.
The komodo dragon bites you. The black mamba bites you!
The yak gores you but does no damage. The torpor snail bites you.
Unknown command.
You are too injured to fight recklessly!
Unknown command.
You are too injured to fight recklessly!
Unknown command.
You slash the black mamba!
You kill the black mamba!
You hit the komodo dragon. You slash the torpor snail! You hit the yak.
The komodo dragon bites you. The yak barely misses you.
You furiously retaliate!
You headbutt the yak, but do no damage.
The komodo dragon bites you but does no damage.
The yak gores you but does no damage. The torpor snail bites you.
The yak gores you but does no damage.
You see here a black mamba corpse.
You barely miss the komodo dragon.
The komodo dragon is heavily wounded.
You hit the torpor snail. You slash the yak!
The komodo dragon bites you but does no damage.
The yak gores you but does no damage.
You slash the komodo dragon! Your headbutt misses the komodo dragon.
The komodo dragon is almost dead.
You slash the yak! You slash the torpor snail!
The komodo dragon bites you but does no damage.
The torpor snail bites you but does no damage.
The yak gores you but does no damage. The komodo dragon bites you!
* * * LOW HITPOINT WARNING * * *
You feel better. The yak gores you!
* * * LOW HITPOINT WARNING * * *
The torpor snail bites you but does no damage.
The komodo dragon bites you!
* * * LOW HITPOINT WARNING * * *
The yak barely misses you.
Unknown command.
Okay, then.
You feel better. The komodo dragon bites you!
You die...

###..#....#.####...##
.<.###.....#..##....#
..####........##P...#
P..#..#.....#..##.<##
...###...P.........P#
PP#.##..#...........#
...###...#..........#
#..# ##........w...##
...# ###.......Y@..##
...###.##......>l...#
...#...............##
..................PP#
...............#.P..#
...P................##
........##...###.....#
.......###....##....##
...#...##....##....##


You could see a torpor snail, a komodo dragon and a yak.

Vanquished Creatures
  Rupert (Lair:3)
  2 boulder beetles
  A hydra (Lair:2)
  Erica (Lair:2)
  A two-headed ogre (D:9)
  An oklob plant (Lair:3)
  3 elephants (Lair:4)
  11 black mambas
  6 cane toads
  Maggie (D:10)
  A rime drake (Lair:2)
  An unseen horror (D:10)
  3 komodo dragons
  3 trolls
  A polar bear (Lair:5)
  3 slime creatures (Lair:5)
  16 blink frogs
  A wyvern (Lair:4)
  16 yaks
  2 basilisks (Lair:4)
  A steam dragon (D:8)
  2 nagas (Lair:3)
  An acid dragon (D:9)
  14 water moccasins
  4 orc warriors
  A hornet zombie (D:5)
  3 ogres
  12 wolves
  A gnoll sergeant (D:7)
  13 bullfrogs
  A scorpion (D:6)
  A water moccasin skeleton (D:5)
  A killer bee (D:8)
  An oklob sapling (D:5)
  A howler monkey (D:9)
  5 wights (D:10)
  9 electric eels
  A hexer (Lair:5)
  2 bullfrog zombies
  2 hounds (D:6)
  A jelly (Lair:5)
  4 orc priests
  A bullfrog skeleton (D:6)
  2 iguanas (D:7)
  3 orc wizards
  A hound skeleton (D:5)
  A howler monkey zombie (D:9)
  4 gnolls
  5 adders
  A shadow imp (D:7)
  A white imp (D:7)
  An ufetubus (D:5)
  20 orcs
  5 ball pythons
  6 bats
  8 endoplasms
  A giant cockroach (D:4)
  8 goblins
  4 hobgoblins
  4 jackals (D:4)
  5 kobolds
  A quokka (D:2)
  6 rats
244 creatures vanquished.

Vanquished Creatures (collateral kills)
  A hydra (Lair:5)
  Sonja (Lair:3)
  A centaur zombie (D:10)
  2 black mambas
  A cane toad (Lair:1)
  2 blink frogs
  A wyvern (Lair:5)
  A basilisk (Lair:4)
  An acid dragon (D:9)
  7 water moccasins
  An orc warrior (D:9)
  A black bear (D:4)
  A necrophage (D:6)
  A hornet zombie (D:3)
  An ice beast (D:6)
  2 centaurs
  An electric eel (D:10)
  A jelly (D:6)
  An iguana (D:4)
  2 orc wizards (D:8)
  3 gnolls
  An adder (D:3)
  A shadow imp (D:3)
  9 orcs
  A rat (D:3)
45 creatures vanquished.

Vanquished Creatures (others)
  13 hexers
  24 fungi
  76 plants
113 creatures vanquished.

Grand Total: 402 creatures vanquished

Notes
Turn   | Place    | Note
-------+----------+-------------------------------------------
     0 | D:1      | Glokmah the Minotaur Monk began the quest for the Orb.
     0 | D:1      | Reached XP level 1. HP: 19/19 MP: 0/0
   242 | D:1      | Reached XP level 2. HP: 26/27 MP: 1/1
   316 | D:1      | Reached skill level 4 in Axes
   375 | D:1      | Found a faded altar of an unknown god.
  1405 | D:2      | Reached XP level 3. HP: 11/33 MP: 2/2
  2034 | D:2      | Found a hazy altar of Hepliaklqana.
  2092 | D:2      | Reached skill level 1 in Armour
  2532 | D:2      | Became a worshipper of Hepliaklqana the Forgotten
  2532 | D:2      | Reached * piety under Hepliaklqana
  2532 | D:2      | Reached ** piety under Hepliaklqana
  2533 | D:2      | Remembered your ancestor Bob as a hexer
  2805 | D:3      | Reached XP level 4. HP: 8/36 MP: 3/3
  3237 | D:3      | Reached skill level 5 in Axes
  3456 | D:3      | Reached XP level 5. HP: 23/42 MP: 4/4
  3743 | D:3      | Reached skill level 1 in Throwing
  4180 | D:3      | Found a shadowy altar of Dithmenos.
  4209 | D:4      | Noticed an orc warrior
  4269 | D:4      | Noticed a black bear
  4273 | D:4      | Reached XP level 6. HP: 49/49 MP: 5/5
  4277 | D:4      | Reached skill level 5 in Fighting
  4277 | D:4      | Reached skill level 6 in Axes
  4460 | D:4      | Found a sparkling altar of Nemelex Xobeh.
  4525 | D:4      | Killed an orc warrior
  4529 | D:4      | Reached XP level 7. HP: 44/54 MP: 6/6
  4910 | D:5      | Entered Level 5 of the Dungeon
  4931 | D:5      | Reached skill level 5 in Dodging
  4937 | D:5      | Reached skill level 7 in Axes
  5198 | D:5      | Found a staircase to the Ecumenical Temple.
  5358 | D:5      | Found Jonwi's Distillery.
  5685 | D:5      | You fall into a shaft and drop 1 floor!
  5943 | D:5      | Identified the +3 leather armour "Hiluikah" {+Blink MP+9
                  | Str+4 Dex+4}
  6041 | D:6      | Reached XP level 8. HP: 45/63 MP: 7/7
  6209 | D:6      | Reached *** piety under Hepliaklqana
  6425 | D:6      | Reached skill level 8 in Axes
  6836 | D:6      | Found a broken altar of Ashenzari.
  6874 | D:6      | Reached skill level 5 in Armour
  6960 | D:7      | Found an iron altar of Okawaru.
  7343 | D:7      | Reached skill level 1 in Invocations
  7385 | D:7      | Reached skill level 9 in Axes
  7820 | D:7      | Reached **** piety under Hepliaklqana
  8421 | D:8      | Reached XP level 9. HP: 49/71 MP: 9/9
  8579 | D:8      | Identified a scroll of acquirement
  9120 | D:8      | Found a large runed translucent door.
  9121 | D:8      | Found a large runed translucent door.
  9129 | D:8      | Found a white marble altar of Elyvilon.
  9138 | D:8      | Found a radiant altar of Vehumet.
  9195 | D:8      | Found a shimmering blue altar of Sif Muna.
  9874 | D:9      | Found Ygoadam's Antique Armour Shoppe.
  9986 | D:9      | Identified the +1 ring mail of the Hills {Dex+3 Stlth+}
 10074 | D:9      | Reached ***** piety under Hepliaklqana
 10084 | D:9      | Noticed a troll
 10094 | D:9      | Killed a troll
 10095 | D:9      | Reached skill level 10 in Axes
 10341 | D:9      | Reached skill level 5 in Throwing
 10557 | D:9      | Noticed a troll
 10563 | D:9      | Killed a troll
 10950 | D:9      | Noticed a two-headed ogre
 10961 | D:9      | Killed a two-headed ogre
 10962 | D:9      | Reached skill level 11 in Axes
 10962 | D:9      | Reached XP level 10. HP: 47/79 MP: 11/11
 11455 | D:9      | Bought a shiny chain mail for 195 gold pieces
 11455 | D:9      | Bought a shiny chain mail for 195 gold pieces
 11461 | D:9      | Acquired 939 gold pieces
 11463 | D:9      | Bought a runed cloak for 195 gold pieces
 11474 | D:9      | Bought a pair of runed gloves for 195 gold pieces
 11487 | D:10     | Entered Level 10 of the Dungeon
 11503 | D:10     | Noticed Maggie
 11519 | D:10     | Killed Maggie
 12882 | D:10     | Noticed a boulder beetle
 12899 | D:10     | Killed a boulder beetle
 12900 | D:10     | Reached skill level 12 in Axes
 12918 | D:10     | Found an ornate altar of the Wu Jian Council.
 12956 | D:10     | Found a staircase to the Lair.
 12981 | D:10     | Reached skill level 5 in Invocations
 13328 | Lair:1   | Entered Level 1 of the Lair of Beasts
 13328 | Lair:1   | Noticed a cane toad
 13340 | Lair:1   | Killed a cane toad
 13757 | Lair:1   | Found a glowing silver altar of Zin.
 13821 | Lair:1   | Noticed a black mamba
 13822 | Lair:1   | Noticed a cane toad
 13830 | Lair:1   | Killed a black mamba
 13831 | Lair:1   | Reached XP level 11. HP: 48/87 MP: 13/13
 14302 | Lair:1   | Identified the ring of Birdsong {Ice rElec Will+ Str+3
                  | Dex+2}
 14822 | Lair:1   | Reached skill level 13 in Axes
 14834 | Lair:2   | Found a staircase to the Swamp.
 14858 | Lair:2   | Noticed a four-headed hydra
 15004 | Lair:2   | Acquired the +5 kite shield of Modesty {rPois}
 15044 | Lair:2   | Killed a four-headed hydra
 15045 | Lair:2   | Reached skill level 1 in Shields
 15277 | Lair:2   | Reached skill level 10 in Fighting
 15599 | Lair:2   | Reached ****** piety under Hepliaklqana
 15663 | Lair:2   | Noticed Erica
 15697 | Lair:2   | Killed Erica
 15900 | Lair:2   | Reached skill level 14 in Axes
 15903 | Lair:2   | Reached skill level 5 in Shields
 16057 | Lair:2   | Identified the +2 leather armour "Deg Dili" {Will+ rCorr
                  | Str-2}
 16476 | Lair:3   | Found a staircase to the Snake Pit.
 17038 | Lair:3   | Noticed Sonja
 17053 | Lair:3   | Killed Sonja
 17535 | Lair:3   | Noticed an oklob plant
 17637 | Lair:3   | Killed an oklob plant
 17744 | Lair:3   | Reached XP level 12. HP: 65/99 MP: 14/14
 18178 | Lair:3   | Noticed Rupert
 18185 | Lair:3   | Paralysed by Rupert for 4 turns
 18197 | Lair:3   | Killed Rupert
 19234 | Lair:4   | Reached skill level 10 in Shields
 21046 | Lair:5   | Noticed a four-headed hydra
 21051 | Lair:5   | Killed a four-headed hydra
 21349 | Lair:5   | Found a staircase to the Slime Pits.
 21368 | Lair:5   | Reached XP level 13. HP: 82/107 MP: 16/16
 21507 | Lair:5   | Identified the +1 pair of gloves of Ira Qytaatt {+Inv rF+
                  | Dex+4}
 22250 | Lair:5   | Reached skill level 1 in Evocations
 22336 | Lair:6   | Entered Level 6 of the Lair of Beasts
 22878 | Lair:5   | HP: 3/109 [komodo dragon (13)]
 22879 | Lair:5   | Slain by a komodo dragon

Illustrated notes

Levels and vault maps discovered:
D:1:      nagdon_arrival_zigzag_paths, layout_basic,
          shapermc_ecumenical_altar_hornbeckon
D:2:      layout_loops_ring, basic_altar, minmay_misc_feat_pillars
D:3:      layout_basic, nicolae_overflow_hidden_temple, eino_tiny_chamber
D:4:      layout_rooms, nemelex_altar_shiori, serial_bayou_pond_b, minivault_24
D:5:      layout_gridville, minmay_temple_entry_oklob, serial_shops,
          nicolae_shop_waterfront
D:6:      layout_loops_corners, kennysheep_little_box
D:7:      layout_basic, okawaru_trees_1
D:8:      layout_gridville, nicolae_overflow_crystal_walls,
          jmf_multi_god_temple2
D:9:      layout_irregular_city, serial_shops, shop
D:10:     layout_basic, mainiacjoe_overflow_small_starburst,
          david_lair_shrubbed, nrook_loot_triangle, corexii_hall_statues_i,
          uniq_maggie
Lair:1:   layout_cave_pods, basic_altar
Lair:2:   layout_hall_layers, swamp_mist, uniq_erica
Lair:3:   layout_hall_layers, guppyfry_snake_entry_garden, serial_bayou_shore_a,
          grunt_megastairs_3, uniq_rupert, uniq_sonja
Lair:4:   layout_layer_cave, lemuel_fruit_fields
Lair:5:   beast_lair_carwin_large_1, layout_loops_ring,
          minmay_slime_entry_pillars
Lair:6:   minmay_lair_end_frog_pond, layout_regular_city,
          eino_house_with_fridge, serial_bayou_shore_b

Skill      XL: |  1  2  3  4  5  6  7  8  9 10 11 12 13 |
---------------+----------------------------------------+-----
Axes           | 4 5 6 7 9 11 12 14 | 14.7
Fighting       | 4 5 6 7 8 9 11 12 13 | 13.1
Armour         | 1 2 3 4 5 7 8 |  8.0
Dodging        | 4 5 |  5.0
Throwing       | 1 2 3 4 5 6 7 |  7.2
Invocations    | 1 3 5 6 |  6.0
Shields        | 7 12 | 12.5
Evocations     | 1 |  1.3
Stealth        | |  1.7

Action                   |  1- 3 |  4- 6 |  7- 9 | 10-12 | 13-15 || total
-------------------------+-------+-------+-------+-------+-------++-------
Melee: Hand axe          |    80 |    81 |   255 |   373 |       ||   789
       Headbutt          |    12 |    23 |    58 |   139 |    19 ||   251
       Short sword       |       |       |       |     7 |     3 ||    10
       Broad axe         |       |       |       |   103 |    73 ||   176
Throw: Boomerang         |       |     2 |    20 |    66 |     3 ||    91
Invok: Ancestor Life: He |     1 |       |       |       |       ||     1
       Ancestor Identity |     1 |       |       |       |       ||     1
       Recall Ancestor   |       |     1 |     1 |       |     2 ||     4
Evoke: Wand              |       |     2 |     2 |       |       ||     4
  Use: Potion            |       |     1 |     2 |       |     4 ||     7
       Scroll            |       |       |    15 |     7 |     2 ||    24
 Stab: Sleeping          |     4 |       |       |       |       ||     4
       Distracted        |       |     2 |     4 |    10 |       ||    16
       Confused          |       |     1 |     4 |    12 |     4 ||    21
Armor: Robe              |    18 |       |       |       |       ||    18
       Ring mail         |     2 |    20 |       |       |       ||    22
       Plate armour      |       |       |   117 |   241 |    59 ||   417
Dodge: Dodged            |    56 |    58 |    74 |   140 |    42 ||   370
Block: Other             |       |       |       |    49 |    22 ||    71

Table legend: (Time is in decaauts)
 A = Elapsed time spent in this place.
 B = Non-inter-level travel time spent in this place.
 C = Inter-level travel time spent in this place.
 D = Time resting spent in this place.
 E = Time spent auto-exploring this place.
 F = Levels seen in this place.
 G = Mean time per level.
                   A        B        C        D        E       F      G
               +--------+--------+--------+--------+--------+-----+--------+
         Total |  22807 |  21851 |    956 |   6061 |  12963 |  16 | 1425.4 |
       Dungeon |  13348 |  12676 |    672 |   2371 |   8560 |  10 | 1334.8 |
          Lair |   9458 |   9175 |    283 |   3690 |   4403 |   6 | 1576.3 |
               +--------+--------+--------+--------+--------+-----+--------+

Top non-repeatable levels by time:
  Lair:3: 2711 daAuts
  Lair:4: 2306 daAuts
    D:10: 1867 daAuts
     D:2: 1618 daAuts
     D:7: 1556 daAuts
  Lair:2: 1530 daAuts
     D:9: 1521 daAuts
  Lair:1: 1516 daAuts
     D:3: 1444 daAuts
     D:8: 1424 daAuts
  Lair:5: 1356 daAuts
     D:1: 1231 daAuts
     D:6: 998 daAuts
     D:5: 869 daAuts
     D:4: 815 daAuts
